 Dungeon Crawl Stone Soup version 0.19.0 (webtiles) character file.

61 Danakh the Skirmisher (level 3, -4/29 HPs)
             Began as a Demonspawn Fighter on Nov 13, 2016.
             Was a Follower of Kikubaaqudgha.
             Killed by nerve-wracking pain
             ... invoked by Grinder
              (9 damage)
             ... on level 3 of the Dungeon.
             The game lasted 00:05:09 (1301 turns).

Danakh the Skirmisher (Demonspawn Fighter)          Turns: 1301, Time: 00:05:10

Health: -4/29      AC:  7    Str: 17    XL:     3   Next: 83%
Magic:  3/3        EV:  7    Int:  9    God:    Kikubaaqudgha [*.....]
Gold:   86         SH:  9    Dex: 12    Spells: 0 memorised, 2 levels left

rFire  . . .     SeeInvis .     a - +0 war axe
rCold  . . .     Gourm    .     b - +0 scale mail
rNeg   . . .     Faith    .     c - +0 shield
rPois  .         Spirit   .     l - +1 hat
rElec  .         Reflect  .     (no cloak)
rCorr  .         Harm     .     (no gloves)
MR     +....                    (no boots)
Stlth  ..........               o - amulet of rage
                                v - ring of loudness (curse)
                                k - ring of protection from magic

@: no status effects
A: nightstalker 1
a: Receive Corpses, Renounce Religion, Evoke Berserk Rage


You were on level 3 of the Dungeon.
You worshipped Kikubaaqudgha.
Kikubaaqudgha was aware of your devotion.
You were not hungry.

You visited 1 branch of the dungeon, and saw 3 of its levels.

You collected 86 gold pieces.

Inventory:

Hand Weapons
 a - a +0 war axe (weapon)
Armour
 b - a +0 scale mail (worn)
 c - a +0 shield (worn)
 l - a +1 hat (worn)
Jewellery
 k - a ring of protection from magic (left hand)
 o - an amulet of rage (around neck)
 s - an uncursed ring of ice
 v - a cursed ring of loudness (right hand)
Scrolls
 e - 2 scrolls of amnesia
 i - 3 scrolls of teleportation
 u - a scroll of identify
Potions
 d - a potion of might
 m - 2 potions of heal wounds {unknown}
 p - 2 potions of agility {unknown}
 r - a potion of curing
 t - 2 potions of brilliance {unknown}
 w - a potion of degeneration {unknown}
Books
 q - Kikubaaqudgha's Collected Works on Sinister Secrets
   (Kikubaaqudgha gifted it to you on level 3 of the Dungeon)

   Spells                             Type                      Level
   a - Animate Skeleton               Necromancy                   1
   b - Corpse Rot                     Necromancy                   2
   c - Sublimation of Blood           Necromancy                   2
   d - Regeneration                   Charms/Necromancy            3
   e - Control Undead                 Necromancy                   4
Comestibles
 f - 2 bread rations
 g - 2 meat rations
 h - 5 fruits
 j - a beef jerky
 n - 3 chunks of flesh


   Skills:
 + Level 3.4 Fighting
 + Level 2.7 Axes
 + Level 3.1 Armour
 + Level 3.1 Shields


You had 2 spell levels left.
You didn't know any spells.

Dungeon Overview and Level Annotations

Branches:
Dungeon (3/15)

Altars:
Kikubaaqudgha

Annotations:
D:3 Grinder


Innate Abilities, Weirdness & Mutations

You are slightly more attuned to the shadows.


Message History

You resist with significant effort. The phantom hits you!
The phantom blinks!
You hit Grinder.
Grinder is heavily wounded.
Grinder gestures at you. You resist with significant effort. Grinder hits you!
* * * LOW HITPOINT WARNING * * *
You writhe in agony.
* * * LOW HITPOINT WARNING * * *
You are feeling hungry.
The phantom blinks!
The phantom blinks!
Grinder blinks!
Some of the chunks of flesh in your inventory have rotted away.
Eating one of 4 chunks of flesh.
You start eating one of the 4 chunks of flesh.
This raw flesh tastes terrible.
Grinder gestures at you. Pain shoots through your body!
You die...
Kikubaaqudgha rasps: "You have failed me!
Welcome... death!"

#.§.....#
#..####.#
#..# #W# #..#
#5##########
#..#
#.#......(.#
#..#
#.#...(..<.#
##########..#
#.#.....÷..#
......[.....#
#.#######.##
#.##........#
#@# #.#
#.##...8....#
#.#######.#
#.....8.8..##
#......##.#
####.8._.8.#
######.##.#
#..8.8..#
#.##.######
#...8...#
#.........#
#.......#
##........#
#####.###
#........#
#.#
#........#


You could see Grinder and a phantom.

Vanquished Creatures
  An adder (D:3)
  A worm (D:2)
  3 dart slugs
  2 leopard geckos
  A ball python (D:3)
  5 goblins
  6 hobgoblins
  6 bats
  2 frilled lizards
  5 kobolds
  10 rats
42 creatures vanquished.

Notes
Turn   | Place    | Note
-------+----------+-------------------------------------------
     0 | D:1      | Danakh the Demonspawn Fighter began the quest for the Orb.
     0 | D:1      | Reached XP level 1. HP: 18/18 MP: 1/1
   113 | D:1      | Gained mutation: You are slightly more attuned to the shadows. [demonic ancestry]
   113 | D:1      | Reached XP level 2. HP: 17/24 MP: 2/2
   651 | D:2      | Reached XP level 3. HP: 26/29 MP: 3/3
  1125 | D:3      | Found a faded altar of an unknown god.
  1132 | D:3      | Became a worshipper of Kikubaaqudgha
  1132 | D:3      | Reached * piety under Kikubaaqudgha
  1132 | D:3      | Identified Kikubaaqudgha's Collected Works on Sinister Secrets (Kikubaaqudgha gifted it to you on level 3 of the Dungeon)
  1132 | D:3      | Received a gift from Kikubaaqudgha
  1273 | D:3      | Noticed Grinder
  1273 | D:3      | Noticed a phantom
  1301 | D:3      | Killed from afar by Grinder

Skill      XL: |  1  2  3 |
---------------+----------+-----
Axes           | 2 |  2.7
Armour         | 3 |  3.1
Shields        | 3 |  3.1
Fighting       | |  3.4

Action                   || total
-------------------------++-------
Melee: War axe           ||   127
  Use: Scroll            ||     4
  Eat: Chunk             ||     2
Armor: Scale mail        ||    63
Dodge: Dodged            ||    32
Block: Shield            ||    58
